cohdb
Replays
Latest Replays
All Replays
Popular Replays
Top Player Replays
Match Explorer
How It Works
Community
CoH3 Stats
Reddit
Sign in to upload your games and track your stats! →
Sign in with Steam
Match 43881480
Unlisted
Match 43881480
Overview
Messages
Build Orders
End
Selects Armored Battlegroup
Construct Barracks
Selects Veteran Crews
Engineer Squad
Riflemen Squad
Riflemen Squad
M1 Mortar Team
Mechanized Support Center
Construct Weapon Support Center
Bazooka Squad
M3 Armored Personnel Carrier
Selects Strength in Steel
M1919 Machine Gun Team
Construct Tank Depot
Engineer Squad
Designate Forward Repair Station
Selects Seek and Destroy
.30 cal Machine Gun
Selects UNKNOWN (2160077)
M4A3E8 Sherman Easy Eight
Engineer Squad
M4A3E8 Sherman Easy Eight
M1918 Browning Automatic Rifles
Riflemen Squad
Improvised Armor
Grenade Package
Riflemen Squad
Engineer Squad
Selects M31 Recovery Vehicle
Selects War Machine
M31 Recovery Vehicle
Macho Man Randy Savage
💀Punisher💀
narrzilla
PH0BB05
Xeravex
MageGreen & Frechersack Prime
諾爾斯
TheKingOfGoats
0
0
Comments
sign in to comment!
No comments posted yet!